 Dungeon Crawl Stone Soup version 0.28-a0-823-gb444dcf96d (webtiles) character file.

Game seed: 2615079479112267577

563 Woods the Insei (level 7, 0/52 HPs)
             Began as a Gnoll Transmuter on Nov 9, 2021.
             Succumbed to an adder's poison
             ... on level 5 of the Dungeon.
             The game lasted 00:05:29 (4351 turns).

Woods the Insei (Gnoll Transmuter)                  Turns: 4351, Time: 00:05:30

Health: 0/52       AC:  2    Str:  9    XL:     7   Next: 32%
Magic:  11/15      EV: 22    Int: 15    God:
Gold:   235        SH:  0    Dex: 17    Spells: 4/17 levels left

rFire   . . .      SeeInvis .     - Unarmed
rCold   . . .      Faith    .   (shield currently unavailable)
rNeg    . . .      Spirit   .   (armour currently unavailable)
rPois   x          Reflect  .   (helmet currently unavailable)
rElec   .          Harm     .   (cloak currently unavailable)
rCorr   .          Rampage  .   (gloves currently unavailable)
Will    .....                   (boots currently unavailable)
Stlth   ++........              (no amulet)
HPRegen 0.17/turn               (no ring)
MPRegen 0.14/turn               (no ring)

@: lethally poisoned (0 -> -4), spider-form
A: venomous fangs, tiny, (fangs 1), strong nose, distributed training
a: End Transformation


You were on level 5 of the Dungeon.
You were a venomous arachnid creature.
You visited 1 branch of the dungeon, and saw 5 of its levels.

You collected 235 gold pieces.

Inventory:

Armour
 a - a +0 robe (melded)
 g - a +2 pair of boots (melded)
Wands
 m - a wand of acid (8)
Scrolls
 c - a scroll of acquirement {unknown}
 j - a scroll of silence {unknown}
 k - a scroll of noise {unknown}
 l - 4 scrolls of enchant armour
 p - a scroll of teleportation {unknown}
Potions
 b - 3 potions of curing
 d - a potion of degeneration {unknown}
 e - a potion of haste {unknown}
 h - 2 potions of ambrosia
 i - a potion of berserk rage {unknown}
 n - 2 potions of lignification {unknown}
 o - a potion of might {unknown}


   Skills:
 + Level 3.5 Fighting
 + Level 2.4 Short Blades
 + Level 2.4 Long Blades
 + Level 2.4 Axes
 + Level 2.4 Maces & Flails
 + Level 2.4 Polearms
 + Level 2.4 Staves
 + Level 2.4 Slings
 + Level 2.4 Bows
 + Level 2.4 Crossbows
 + Level 2.4 Throwing
 + Level 2.4 Armour
 + Level 5.2 Dodging
 + Level 2.4 Stealth
 + Level 2.4 Shields
 + Level 7.0 Unarmed Combat
 + Level 5.6 Spellcasting
 + Level 2.0 Conjurations
 + Level 2.0 Hexes
 + Level 2.0 Summonings
 + Level 2.0 Necromancy
 + Level 2.0 Translocations
 + Level 4.3 Transmutations
 + Level 2.0 Fire Magic
 + Level 2.0 Ice Magic
 + Level 2.0 Air Magic
 + Level 2.0 Earth Magic
 + Level 2.0 Poison Magic
 + Level 2.6 Invocations
 + Level 2.4 Evocations


You had 4 spell levels left.
You knew the following spells:

 Your Spells              Type           Power      Damage    Failure   Level
a - Beastly Appendage     Tmut           34%        N/A       10%         1
b - Wereblood             Tmut           17%        N/A       13%         2
c - Spider Form           Tmut/Pois      13%        N/A       30%         3
d - Ice Form              Ice/Tmut       13%        N/A       61%         4
e - Confusing Touch       Hex            10%        N/A       41%         3

Your spell library contained the following spells:

 Spells                   Type           Power      Damage    Failure   Level
 Slow                     Hex            40%        N/A       19%         1
 Yara's Violent Unravell  Hex/Tmut       6%         3d5       89%         5


Dungeon Overview and Level Annotations

Branches:
Dungeon (5/15)
 Temple: D:4-7

Altars:
Sif Muna

Annotations:
D:4 3 runed translucent doors, LeRed's ghost, amateur MiGl; Menkaure


Innate Abilities, Weirdness & Mutations

You are a venomous arachnid creature.
You have poisonous fangs.
You are tiny and dextrous.
Your spellcasting is less reliable in this form.
Your armour is entirely melded.
You are incapable of wielding weapons or throwing items.
((You have very sharp teeth.))
Your uncanny sense of smell can sniff out nearby items.
Your experience applies equally to all skills.


Message History

Your transformation is almost over.
You kill the adder!
The hound misses you. The hound bites you.
You see here an adder corpse.
You completely miss the hound. The hound barely misses you.
An orc priest comes into view. It is wielding a +0 falchion.
You barely miss the hound. The hound closely misses you.
The orc priest calls down the wrath of Beogh upon you.
Beogh smites you!
You hit the hound.
The hound is poisoned.
The hound is lightly wounded.
The hound barely misses you. The adder barely misses you. The hound misses you.
The hound completely misses you. The adder bites you.
You are poisoned.
The adder poisons you!
Your transformation has ended.
Your +2 pair of boots unmelds from your body.
Your +0 robe unmelds from your body.
You feel very sick. The hound bites you but does no damage.
You feel sick.
Casting: Spider Form (dangerous; 13% risk of failure)
Confirm with . or Enter, or press ? or * to list all spells.
You turn into a venomous arachnid creature.
Your +2 pair of boots melds into your body.
Your +0 robe melds into your body.
You feel sick. The adder misses you. The adder barely misses you.
You closely miss the adder.
You feel sick. The adder bites you.
* * * LOW HITPOINT WARNING * * *
Unknown command.
You hit the adder.
The adder is heavily wounded.
You feel sick. The adder barely misses you.
The orc priest invokes the aid of Beogh against you.
Beogh smites you!
* * * LOW HITPOINT WARNING * * *
You hit the adder.
The adder is poisoned.
The adder is severely wounded.
You die...

#.............
##.............
#.............. ....
#...†.......## .......
#.....o......# .......
#...........# .......
###.......#.####.......
###.S####.#..#.....#
##.s.##..........#
#....#.<.........#
#......####.....##
#...##.# #......##
##...#.# #.......#
#.....####........
##....#.#..##.....
##........# .....
#...............


You could see an orc priest and an adder (very poisoned).

Vanquished Creatures
  A sky beast (D:4)
  Blork the orc (D:4)
  A scorpion (D:3)
  2 hounds (D:4)
  A bullfrog skeleton (D:4)
  Jessica (D:3)
  Ijyb (D:4)
  A hound zombie (D:4)
  A hound skeleton (D:4)
  4 gnolls (D:2)
  7 adders
  3 worms
  2 dart slugs
  3 orcs
  4 ball pythons
  A bat (D:3)
  10 endoplasms
  2 giant cockroaches
  5 goblins
  6 hobgoblins
  2 quokkas
  4 frilled lizards
  12 kobolds
  3 rats
78 creatures vanquished.

Notes
Turn   | Place    | Note
-------+----------+-------------------------------------------
     0 | D:1      | Woods the Gnoll Transmuter began the quest for the Orb.
     0 | D:1      | Reached XP level 1. HP: 17/17 MP: 6/6
   346 | D:1      | Reached XP level 2. HP: 23/23 MP: 5/7
   352 | D:1      | Learned a level 2 spell: Wereblood
  1342 | D:2      | Reached XP level 3. HP: 28/28 MP: 7/9
  1346 | D:2      | Learned a level 3 spell: Spider Form
  1363 | D:2      | Reached skill level 5 in Spellcasting
  1529 | D:2      | Reached skill level 1 in Invocations
  1532 | D:2      | Reached skill level 1 in Short Blades
  1532 | D:2      | Reached skill level 1 in Long Blades
  1532 | D:2      | Reached skill level 1 in Axes
  1532 | D:2      | Reached skill level 1 in Maces & Flails
  1532 | D:2      | Reached skill level 1 in Polearms
  1532 | D:2      | Reached skill level 1 in Staves
  1532 | D:2      | Reached skill level 1 in Slings
  1532 | D:2      | Reached skill level 1 in Bows
  1532 | D:2      | Reached skill level 1 in Crossbows
  1532 | D:2      | Reached skill level 1 in Throwing
  1532 | D:2      | Reached skill level 1 in Armour
  1532 | D:2      | Reached skill level 1 in Stealth
  1532 | D:2      | Reached skill level 1 in Shields
  1532 | D:2      | Reached skill level 1 in Evocations
  1532 | D:2      | Reached XP level 4. HP: 30/34 MP: 7/11
  1798 | D:2      | Reached skill level 1 in Conjurations
  1798 | D:2      | Reached skill level 1 in Hexes
  1798 | D:2      | Reached skill level 1 in Summonings
  1798 | D:2      | Reached skill level 1 in Necromancy
  1798 | D:2      | Reached skill level 1 in Translocations
  1798 | D:2      | Reached skill level 1 in Fire Magic
  1798 | D:2      | Reached skill level 1 in Ice Magic
  1798 | D:2      | Reached skill level 1 in Air Magic
  1798 | D:2      | Reached skill level 1 in Earth Magic
  1798 | D:2      | Reached skill level 1 in Poison Magic
  2373 | D:3      | Found a faded altar of an unknown god.
  2487 | D:3      | Noticed a scorpion
  2500 | D:3      | Killed a scorpion
  2501 | D:3      | Reached XP level 5. HP: 6/41 MP: 8/12
  3053 | D:3      | Noticed Jessica
  3060 | D:3      | Killed Jessica
  3386 | D:4      | Found a runed translucent gate.
  3387 | D:4      | Found a runed translucent gate.
  3390 | D:4      | Found a runed translucent gate.
  3390 | D:4      | Noticed a black bear
  3390 | D:4      | Noticed LeRed's ghost (amateur MiGl)
  3391 | D:4      | Noticed a hornet
  3423 | D:4      | Reached XP level 6. HP: 47/47 MP: 7/13
  3444 | D:4      | Noticed a sky beast
  3461 | D:4      | Killed a sky beast
  3462 | D:4      | Reached skill level 5 in Dodging
  3628 | D:4      | Noticed Ijyb
  3638 | D:4      | Killed Ijyb
  3645 | D:4      | Reached XP level 7. HP: 37/52 MP: 13/15
  3872 | D:4      | Noticed Menkaure
  3898 | D:4      | Learned a level 4 spell: Ice Form
  3902 | D:4      | Learned a level 3 spell: Confusing Touch
  3917 | D:4      | Noticed Blork the orc
  3928 | D:4      | Killed Blork the orc
  3929 | D:4      | Reached skill level 7 in Unarmed Combat
  4134 | D:4      | Found a shimmering blue altar of Sif Muna.
  4296 | D:5      | Entered Level 5 of the Dungeon
  4350 | D:5      | HP: 1/52 [orc priest/divine providence (11)]
  4351 | D:5      | Succumbed to an adder's poison

Illustrated notes

Levels and vault maps discovered:
D:1:      lemuel_arrival_hallway, layout_loops_corners,
          chequers_serial_rivers_micro_b, minivault_27, minmay_octomino_c4
D:2:      layout_loops_ring, grunt_decor_resistance
D:3:      layout_rooms, hellmonk_ecumenical_altar_run_dry, nrook_loot_triangle,
          uniq_jessica
D:4:      minmay_chambers_of_threes, layout_basic,
          mainiacjoe_overflow_tiny_flanked, gammafunk_ghost_split,
          uniq_blork_the_orc, uniq_ijyb, uniq_menkaure
D:5:      layout_cave_pools, minmay_temple_entry_waves, uniq_duvessa,
          uniq_eustachio

Skill      XL: |  1  2  3  4  5  6  7 |
---------------+----------------------+-----
Spellcasting   | 5 |  5.6
Invocations    | 1 2 |  2.6
Short Blades   | 1 2 |  2.4
Long Blades    | 1 2 |  2.4
Axes           | 1 2 |  2.4
Maces & Flails | 1 2 |  2.4
Polearms       | 1 2 |  2.4
Staves         | 1 2 |  2.4
Slings         | 1 2 |  2.4
Bows           | 1 2 |  2.4
Crossbows      | 1 2 |  2.4
Throwing       | 1 2 |  2.4
Armour         | 1 2 |  2.4
Stealth        | 1 2 |  2.4
Shields        | 1 2 |  2.4
Evocations     | 1 2 |  2.4
Conjurations   | 1 2 |  2.0
Hexes          | 1 2 |  2.0
Summonings     | 1 2 |  2.0
Necromancy     | 1 2 |  2.0
Translocations | 1 2 |  2.0
Fire Magic     | 1 2 |  2.0
Ice Magic      | 1 2 |  2.0
Air Magic      | 1 2 |  2.0
Earth Magic    | 1 2 |  2.0
Poison Magic   | 1 2 |  2.0
Fighting       | 3 |  3.5
Transmutations | 4 |  4.3
Dodging        | 5 |  5.2
Unarmed Combat | 7 |  7.0

Action                   |  1- 3 |  4- 6 |  7- 9 || total
-------------------------+-------+-------+-------++-------
Melee: Unarmed           |    56 |   129 |    30 ||   215
       Kick              |     8 |     7 |       ||    15
       Headbutt          |     5 |     3 |       ||     8
       Bite              |     2 |     5 |       ||     7
       Punch             |       |     1 |       ||     1
 Cast: Beastly Appendage |    14 |    12 |       ||    26
       Spider Form       |     1 |     8 |     7 ||    16
       Wereblood         |       |     2 |       ||     2
  Use: Scroll            |       |       |     3 ||     3
 Stab: Sleeping          |     1 |       |     1 ||     2
       Distracted        |       |     1 |       ||     1
Armor: Robe              |     5 |     9 |     1 ||    15
       Skin              |       |     4 |       ||     4
Dodge: Dodged            |    32 |    90 |    25 ||   147

Table legend: (Time is in decaauts)
 A = Elapsed time spent in this place.
 B = Non-inter-level travel time spent in this place.
 C = Inter-level travel time spent in this place.
 D = Time resting spent in this place.
 E = Time spent auto-exploring this place.
 F = Levels seen in this place.
 G = Mean time per level.
                   A        B        C        D        E       F      G
               +--------+--------+--------+--------+--------+-----+--------+
         Total |   4326 |   4227 |     99 |    652 |   2751 |   5 |  865.2 |
       Dungeon |   4326 |   4227 |     99 |    652 |   2751 |   5 |  865.2 |
               +--------+--------+--------+--------+--------+-----+--------+

Top non-repeatable levels by time:
     D:2: 1156 daAuts
     D:3: 1116 daAuts
     D:1: 1026 daAuts
     D:4: 975 daAuts
     D:5: 52 daAuts
